 Dungeon Crawl Stone Soup version 0.27.1-1-g398f81649c (webtiles) character file.

Game seed: 12426646972882860400

312 nxtlvl the Ruffian (level 6, -2/59 HPs)
             Began as a Troll Abyssal Knight on Sept 6, 2021.
             Was a Follower of Lugonu.
             Slain by a troll (5 damage)
             ... on level 8 of the Dungeon.
             The game lasted 00:04:27 (552 turns).

nxtlvl the Ruffian (Troll Abyssal Knight)            Turns: 552, Time: 00:04:30

Health: -2/59      AC:  4    Str: 21    XL:     6   Next: 18%
Magic:  6/6        EV:  9    Int: 10    God:    Lugonu [*.....]
Gold:   44         SH:  0    Dex:  9    Spells: 5/5 levels left

rFire    . . .     SeeInvis .     - Unarmed
rCold    . . .     Faith    .   (no shield)
rNeg     . . .     Spirit   .   a - +0 robe
rPois    .         Reflect  .   (helmet restricted)
rElec    .         Harm     .   (no cloak)
rCorr    .         Rampage  .   (gloves unavailable)
Will     .....                  (boots unavailable)
Stlth    +.........             (no amulet)
HPRegen  1.19/turn              (no ring)
MPRegen  0.10/turn              (no ring)

@: mighty
A: large, unfitting armour, claws 3, regeneration 1, shaggy fur 1, tough skin 1
a: Renounce Religion, Depart the Abyss


You were on level 8 of the Dungeon.
You worshipped Lugonu.
Lugonu was aware of your devotion.
You visited 1 branch of the dungeon, and saw 9 of its levels.
You visited the Abyss 1 time.

You collected 44 gold pieces.

Inventory:

Missiles
 k - 17 sling bullets
Armour
 a - a +0 robe (worn)
Wands
 i - a wand of digging (4)
 l - a wand of flame (14) (quivered)
Scrolls
 c - a scroll of teleportation {unknown}
 d - a scroll of identify {unknown}
 f - a scroll of noise {unknown}
 h - a scroll of fog {unknown}
 j - a scroll of enchant armour {unknown}
Potions
 b - 2 potions of might


   Skills:
 - Level 2.4 Fighting
 - Level 1.9 Dodging
 * Level 6.6 Unarmed Combat
 - Level 1.5 Invocations


You had 5 spell levels left.
You didn't know any spells.
Your spell library contained the following spells:

 Spells                   Type           Power      Damage    Failure   Level
 Apportation              Tloc           0%         N/A       36%         1
 Ozocubu's Armour         Ice            0%         N/A       75%         3
 Alistair's Intoxication  Tmut/Pois      0%         N/A       100%        5
 Metabolic Englaciation   Hex/Ice        0%         N/A       100%        5
 Invisibility             Hex            0%         N/A       100%        6
 Simulacrum               Ice/Necr       0%         N/A       100%        6


Dungeon Overview and Level Annotations

Branches:
Dungeon (9/15)             Temple (0/1) D:6
   Lair: D:8-11         Orc: D:9-12

Altars:

Shops:
D:8 [


Innate Abilities, Weirdness & Mutations

You are too large for most types of armour.
You have claws for hands.
Your natural rate of healing is unusually fast.
You are covered in fur. (AC +1)
You have tough skin. (AC +1)


Message History

A troll comes into view.
The troll shouts!
You hear two shouts!
Unknown command.
Aiming: Throw Flame
Press: ? - help, Q - select action, (/) - cycle Shift-Dir - straight line, f - troll
Aim: a troll (68% to hit)
The puff of flame misses the troll.
A two-headed ogre comes into view. It is wielding two +0 giant clubs.
Unknown command.
You closely miss the troll. The troll barely misses you.
The troll claws you but does no damage. The troll claws you.
You claw the troll!
The troll is moderately wounded.
The troll closely misses you. The troll claws you! The troll claws you.
You closely miss the troll.
The troll is moderately wounded.
The troll bites you. The troll claws you! The troll closely misses you.
You scratch the troll but do no damage.
The troll is moderately wounded.
The troll misses you. The troll claws you. The troll misses you.
It was a potion of curing.
You feel better. The troll barely misses you.
The troll claws you but does no damage. The troll barely misses you.
It was a potion of ambrosia.
You are confused.
You feel invigorated. The troll bites you! The troll claws you.
The troll closely misses you.
You bump into the rock wall.
The troll bites you! The troll claws you! The troll claws you.
You're too confused to move!
The troll closely misses you. The troll claws you. x2
You bump into the rock wall.
You feel less invigorated.
You feel less confused. The troll bites you! The troll completely misses you.
The troll claws you.
It was a potion of might.
You feel very mighty all of a sudden. The troll bites you!
* * * LOW HITPOINT WARNING * * *
The troll claws you.
* * * LOW HITPOINT WARNING * * *
The troll claws you.
You die...

.....)## ##....## #.#
....#..#####......###.##
...###...##..###...##..#
...# ###.....# ###O....#
.... ##...O#
##....###..# .#..
#.....# ##.......# ###
.....##..## ##.###..#
#..####...######.## #.#
#......@TO.## #.#
#.....####.# .# #...##O#
#.# #..### .# ..# ..##
.. ..# .# ......#
.###... ##..


You could see a two-headed ogre and a troll.

Vanquished Creatures
  A steam dragon (D:4)
  A water moccasin skeleton (D:5)
  A wight (D:4)
  A hound (D:4)
  An orc wizard (D:8)
  A howler monkey zombie (D:8)
  An adder (D:4)
  A dart slug (D:2)
  An orc (D:4)
  A giant cockroach (D:4)
  A goblin (D:1)
  A hobgoblin (D:2)
  3 ball pythons
  3 kobolds
  A rat (D:2)
19 creatures vanquished.

Notes
Turn   | Place    | Note
-------+----------+-------------------------------------------
     0 | Abyss:1  | nxtlvl the Troll Abyssal Knight began the quest for the
                  | Orb.
     0 | Abyss:1  | Reached XP level 1. HP: 22/22 MP: 1/1
    57 | Abyss:1  | Found a corrupted altar of Lugonu.
    80 | D:1      | Escaped the Abyss
   161 | D:2      | Reached XP level 2. HP: 29/29 MP: 2/2
   206 | D:4      | Noticed a steam dragon
   206 | D:4      | Noticed a wight
   206 | D:4      | Found a large runed translucent door.
   206 | D:4      | Found a large runed translucent door.
   214 | D:4      | Reached skill level 3 in Unarmed Combat
   245 | D:4      | Found a large runed translucent door.
   245 | D:4      | Found a large runed translucent door.
   259 | D:4      | Reached skill level 4 in Unarmed Combat
   259 | D:4      | Reached XP level 3. HP: 27/36 MP: 3/3
   280 | D:4      | Killed a steam dragon
   281 | D:4      | Reached skill level 5 in Unarmed Combat
   281 | D:4      | Reached XP level 4. HP: 35/44 MP: 4/4
   281 | D:4      | Reached XP level 5. HP: 39/50 MP: 5/5
   289 | D:4      | Reached skill level 6 in Unarmed Combat
   304 | D:5      | Entered Level 5 of the Dungeon
   375 | D:5      | Reached XP level 6. HP: 54/59 MP: 6/6
   392 | D:6      | Found a staircase to the Ecumenical Temple.
   443 | D:8      | Found Baskoas's Armour Shop.
   520 | D:8      | Noticed a troll
   523 | D:8      | Noticed a two-headed ogre
   552 | D:8      | Slain by a troll

Illustrated notes

Levels and vault maps discovered:
D:1:      minmay_arrival_nine_rooms, layout_loops_ring
D:2:      layout_basic, shapermc_ecumenical_altar_ellora,
          roderic_cross_of_infinity, minmay_box_of_dots, uniq_jessica
D:3:      layout_loops_ring, serial_glass, glass_columns_a, glass_columns_c,
          feat_on_display, due_unseen_surprise, minivault_26, minivault_25,
          minmay_misc_feat_rows
D:4:      layout_rooms, mainiacjoe_overflow_alcove_1,
          minmay_hollow_rounded_squares
D:5:      layout_loops_ring, kennysheep_little_box
D:6:      layout_gridville, minmay_temple_entry_trees, kennysheep_another_room,
          minivault_5, minivault_14, minmay_shop_damaged
D:7:      layout_loops_ring, mainiacjoe_overflow_cross_hatched, grunt_potential
D:8:      minmay_angry_zag, layout_layer_cave, serial_shops, shop,
          minmay_misc_feat_four_crosses, nicolae_water_bricks
D:9:      layout_layer_cave, mainiacjoe_overflow_six_doors_small,
          mainiacjoe_overflow_boulevard, lair_entry_dummy, erik_orc_2

Skill      XL: |  1  2  3  4  5 |
---------------+----------------+-----
Unarmed Combat | 4 5 6 |  6.6
Fighting       | |  2.4
Dodging        | |  1.9
Invocations    | |  1.5

Action                   |  1- 3 |  4- 6 || total
-------------------------+-------+-------++-------
Melee: Unarmed           |    49 |    20 ||    69
Evoke: Wand              |       |     1 ||     1
  Use: Potion            |       |     3 ||     3
Armor: Robe              |    16 |     3 ||    19
Dodge: Dodged            |    28 |    13 ||    41
